 Dungeon Crawl Stone Soup version 0.28-a0-577-gb193047a1f (webtiles) character file.

Game seed: 158155787289828678

135 siradein the Shield-Bearer (level 4, -4/38 HPs)
             Began as a Demigod Fighter on Oct 1, 2021.
             Slain by an iguana (7 damage)
             ... on level 3 of the Dungeon.
             The game lasted 00:04:15 (3059 turns).

siradein the Shield-Bearer (Demigod Fighter)        Turns: 3059, Time: 00:04:15

Health: -4/38      AC:  4    Str: 17    XL:     4   Next: 66%
Magic:  6/6        EV:  9    Int: 10    God:
Gold:   156        SH:  5    Dex: 17    Spells: 3/3 levels left

rFire   . . .      SeeInvis .   a - +0 long sword
rCold   . . .      Faith    .   c - +0 buckler
rNeg    . . .      Spirit   .   b - +0 scale mail
rPois   .          Reflect  .   (no helmet)
rElec   .          Harm     .   (no cloak)
rCorr   .          Rampage  .   m - +0 pair of gloves
Will    .....                   (no boots)
Stlth   ..........              (no amulet)
HPRegen 0.12/turn               (no ring)
MPRegen 0.10/turn               (no ring)

@: corroded
A: high mp 1, forlorn
a: no special abilities


You were on level 3 of the Dungeon.
You visited 1 branch of the dungeon, and saw 3 of its levels.

You collected 156 gold pieces.

Inventory:

Hand Weapons
 a - a +0 long sword (weapon)
Missiles
 k - 6 javelins (quivered)
Armour
 b - a +0 scale mail (worn)
 c - a +0 buckler (worn)
 m - a +0 pair of gloves (worn)
Scrolls
 e - 3 scrolls of identify {unknown}
 g - 4 scrolls of noise {unknown}
 h - a scroll of enchant armour {unknown}
 j - a scroll of blinking {unknown}
 l - a scroll of amnesia {unknown}
Potions
 d - a potion of might
 f - a potion of curing {unknown}
 i - 2 potions of cancellation {unknown}


   Skills:
 + Level 3.4 Fighting
 + Level 2.8 Long Blades
 + Level 3.4 Armour
 + Level 3.5 Shields


You had 3 spell levels left.
You didn't know any spells.
Your spell library contained the following spells:

 Spells                   Type           Power      Damage    Failure   Level
 Magic Dart               Conj           0%         1d3       78%         1
 Call Imp                 Summ           0%         N/A       89%         2
 Static Discharge         Conj/Air       0%         N/A       89%         2
 Mephitic Cloud           Conj/Pois/Air  0%         N/A       98%         3
 Ozocubu's Armour         Ice            0%         N/A       98%         3
 Lightning Bolt           Conj/Air       0%         1d11      100%        5
 Metabolic Englaciation   Hex/Ice        0%         N/A       100%        5
 Simulacrum               Ice/Necr       0%         N/A       100%        6
 Maxwell's Capacitive Co  Air            0%         ∞         100%        8


Dungeon Overview and Level Annotations

Branches:
Dungeon (3/15)

Shops:
D:1 *   D:2 (


Innate Abilities, Weirdness & Mutations

Your attributes grow dramatically as you level up.
You have an increased reservoir of magic. (+10% MP)
You shall have no god before yourself.


Message History

The jelly completely misses you. You block the jelly's attack.
You hit the jelly. The acid corrodes you!
Your hands burn!
The jelly is almost dead.
The hobgoblin hits you. The jelly hits you but does no damage.
The hobgoblin barely misses you.
You hit the jelly but do no damage.
Your hands burn!
The jelly is almost dead.
The jelly barely misses you.
The hobgoblin hits you but does no damage.
The iguana barely misses you.
You hit the jelly.
You kill the jelly!
The hobgoblin hits you but does no damage.
The iguana bites you!
Things that are here:
a +0 short sword; a +0 whip You are too injured to fight recklessly!
You are too injured to fight recklessly!
You are too injured to fight recklessly!
You are too injured to fight recklessly!
You hit the hobgoblin.
You kill the hobgoblin!
The iguana bites you.
You hit the iguana.
The iguana is moderately wounded.
The iguana bites you!
* * * LOW HITPOINT WARNING * * *
You hit the iguana.
The iguana is heavily wounded.
The iguana bites you but does no damage.
You barely miss the iguana.
The iguana is heavily wounded.
The iguana closely misses you.
You barely miss the iguana.
The iguana is heavily wounded.
The iguana barely misses you. The iguana closely misses you.
You hit the iguana but do no damage.
The iguana is heavily wounded.
The iguana bites you!
You die...

##########
##........#
#....w..#.#
##...#l#...##
#...##@##...#
#...#...#.J.#
##..#######w.##
#...#.†..)#g..#
#...'.†...#...#
#..#########l.#
#..#(....lb#..#
#.)#$......'..#
#.)#$......#.##


You could see a worm and an iguana.

Vanquished Creatures
  A jelly (D:3)
  Terence (D:3)
  An adder (D:2)
  3 dart slugs
  4 bats
  2 endoplasms (D:1)
  2 giant cockroaches
  4 goblins
  8 hobgoblins
  A jackal (D:3)
  2 quokkas
  7 ball pythons
  4 frilled lizards
  11 kobolds
  14 rats
65 creatures vanquished.

Notes
Turn   | Place    | Note
-------+----------+-------------------------------------------
     0 | D:1      | siradein the Demigod Fighter began the quest for the Orb.
     0 | D:1      | Reached XP level 1. HP: 18/18 MP: 3/3
   199 | D:1      | Found Dutwix's General Store.
   503 | D:1      | Reached XP level 2. HP: 24/25 MP: 4/4
  1657 | D:2      | Reached XP level 3. HP: 26/31 MP: 5/5
  1932 | D:2      | Found Qaubles's Antique Weapon Shoppe.
  2627 | D:3      | Noticed Terence
  2646 | D:3      | Killed Terence
  2647 | D:3      | Reached XP level 4. HP: 8/38 MP: 6/6
  3059 | D:3      | Slain by an iguana

Illustrated notes

Levels and vault maps discovered:
D:1:      dpeg_arrival_water_altar, layout_basic,
          hellmonk_ecumenical_altar_crossroads, serial_shops,
          nicolae_shop_window_shopping
D:2:      layout_loops_ring, serial_shops, nicolae_lakefront_shop,
          minmay_hedge_maze
D:3:      layout_basic, minmay_misc_feat_doors, minivault_26,
          minmay_divided_ellipse, uniq_terence

Skill      XL: |  1  2 |
---------------+-------+-----
Long Blades    | 2 |  2.8
Shields        | 3 |  3.5
Fighting       | 3 |  3.4
Armour         | 3 |  3.4

Action                   |  1- 3 |  4- 6 || total
-------------------------+-------+-------++-------
Melee: Long sword        |   149 |    43 ||   192
Armor: Scale mail        |    60 |    26 ||    86
Dodge: Dodged            |    60 |    29 ||    89
Block: Buckler           |    41 |    11 ||    52

Table legend: (Time is in decaauts)
 A = Elapsed time spent in this place.
 B = Non-inter-level travel time spent in this place.
 C = Inter-level travel time spent in this place.
 D = Time resting spent in this place.
 E = Time spent auto-exploring this place.
 F = Levels seen in this place.
 G = Mean time per level.
                   A        B        C        D        E       F      G
               +--------+--------+--------+--------+--------+-----+--------+
         Total |   3120 |   2985 |    135 |      0 |   2468 |   3 | 1040.0 |
       Dungeon |   3120 |   2985 |    135 |      0 |   2468 |   3 | 1040.0 |
               +--------+--------+--------+--------+--------+-----+--------+

Top non-repeatable levels by time:
     D:1: 1573 daAuts
     D:3: 787 daAuts
     D:2: 759 daAuts
